AoeStats
← Erwin

Golden Pit

510204017Analyzed
1v1 RM · 2d ago on Sep 29, 2026· 21m 51s· 2 players
Game mode
Random Map
Map size
Tiny (2 player)
Population
200
Speed
Normal
Resources
Standard
Victory
Conquest
Starting age
Dark Age
Ending age
Imperial Age
RankedLock teamsTeams togetherTeam positionsShared explorationLock speedFull tech treeHidden civsTurbo modeCheats
Victory
Defeat
🇦🇷 Byzantines · Argentina
1099
+16
🇨🇦 Portuguese · Canada
1096
-16
Erwin
6:42 Loom
9:09 Feudal Age
10:14 Double-Bit Axe
12:07 Horse Collar
18:56 Castle Age
17:20 Scale Barding Armor
17:11 Gold Mining
18:53 Man-at-Arms
20:17 Long Swordsman
Robert Bruce
7:45 Loom
10:01 Feudal Age
11:45 Double-Bit Axe
18:06 Castle Age
17:52 Forging
Connection lost

Rejoining the realm…

Still unreachable

The connection could not be restored.

Session expired

The server has moved on; the page needs a fresh start.